 Dungeon Crawl Stone Soup version 0.23.2 (webtiles) character file.

Game seed: 6269859496913629879

250 Freyura the Shield-Bearer (level 6, -5/38 HPs)
             Began as a Gargoyle Fighter on Apr 12, 2019.
             Slain by Natasha (6 damage)
             ... on level 2 of the Dungeon.
             The game lasted 00:04:56 (1585 turns).

Freyura the Shield-Bearer (Gargoyle Fighter)        Turns: 1585, Time: 00:04:56

Health: -5/38      AC: 12    Str: 24    XL:     6   Next: 13%
Magic:  6/6        EV:  8    Int:  8    God:
Gold:   55         SH: 10    Dex: 11    Spells: 5/5 levels left

rFire    . . .     SeeInvis .   a - +0 flail
rCold    . . .     Gourm    .   c - +0 shield
rNeg     + . .     Faith    .   b - +0 scale mail
rPois    ∞         Spirit   .   e - +0 helmet
rElec    +         Reflect  .   (no cloak)
rCorr    .         Harm     .   (no gloves)
MR       .....                  (no boots)
Stlth    ..........             (no amulet)
HPRegen  0.12/turn              j - +4 ring of strength
MPRegen  0.10/turn              (no ring)

@: no status effects
A: negative energy resistance 1, electricity resistance, unbreathing,
petrification resistance, rot immunity, AC +4
a: no special abilities


You were on level 2 of the Dungeon.
You were hungry.

You visited 1 branch of the dungeon, and saw 2 of its levels.

You collected 55 gold pieces.

Inventory:

Hand Weapons
 a - a +0 flail (weapon)
 l - a +0 mace
Armour
 b - a +0 scale mail (worn)
 c - a +0 shield (worn)
 e - a +0 helmet (worn)
Jewellery
 j - a +4 ring of strength (left hand)
Wands
 n - a wand of enslavement (7)
Scrolls
 g - 4 scrolls of identify {unknown}
 i - a scroll of fog {unknown}
 m - 2 scrolls of remove curse {unknown}
 o - a scroll of teleportation {unknown}
 p - a scroll of amnesia {unknown}
 q - a scroll of random uselessness {unknown}
Potions
 h - a potion of experience {unknown}
 k - 2 potions of curing {unknown}
Comestibles
 f - 3 rations


   Skills:
 + Level 4.2 Fighting
 * Level 3.9 Maces & Flails
 + Level 4.2 Armour
 + Level 1.5 Dodging
 + Level 4.2 Shields


You had 5 spell levels left.
You didn't know any spells.
Your spell library was empty.

Dungeon Overview and Level Annotations

Branches:
Dungeon (2/15)

Altars:
Makhleb

Annotations:
D:2 Natasha


Innate Abilities, Weirdness & Mutations

You are resistant to torment.
Your stone body is resilient. (AC +4)
You are immune to poison.
You resist negative energy. (rN+)
You are resistant to electric shocks. (rElec)
You can survive without breathing.
You are immune to petrification.
You are immune to rotting.


Message History

You hit Natasha.
Natasha is heavily wounded.
Natasha barely misses you. x2; Natasha claws you.
* * * LOW HITPOINT WARNING * * *
You closely miss Natasha.
Natasha is heavily wounded.
You block Natasha's attack. Natasha claws you.
* * * LOW HITPOINT WARNING * * *
You block Natasha's attack.
You barely miss Natasha.
Natasha is heavily wounded.
Natasha claws you but does no damage.
The crimson imp blinks!
Natasha claws you.
* * * LOW HITPOINT WARNING * * *
Natasha claws you but does no damage.
Your scale mail prevents you from hitting Natasha.
Natasha is heavily wounded.
You feel yourself speed up. Natasha claws you but does no damage.
Natasha claws you.
You die...

###.################.#.#........
#...............#......#.#######
###############.#.##...#.# ##
#.............#.#.####.#.# #.
##.##########.#.#.# #.#.# #.
#..........#.#.#.# #.#.######.
##########.#.#.#.# #.#.#......
#...#.#.#.#.####.#.#.####.
#...#.#.#@#......#......#.
#...#.#.#h########.(....##
#...#.#.#§.........)......
#...#.#.........###.......
#...#.#..........#........
#...#.#............#+#####
#######...#.#..........#.#.#
#.>................<...#.#.#
##.########.#.##########.#.#


You could see Natasha.

Vanquished Creatures
  Sigmund (D:2)
  Natasha (D:2)
  A worker ant (D:2)
  A gnoll (D:1)
  A worm (D:2)
  2 dart slugs
  A leopard gecko (D:2)
  6 bats
  3 giant cockroaches
  5 goblins
  5 hobgoblins
  2 frilled lizards (D:2)
  5 kobolds
  6 rats
40 creatures vanquished.

Notes
Turn   | Place    | Note
-------+----------+-------------------------------------------
     0 | D:1      | Freyura the Gargoyle Fighter began the quest for the Orb.
     0 | D:1      | Reached XP level 1. HP: 14/14 MP: 1/1
    94 | D:1      | Reached XP level 2. HP: 19/19 MP: 2/2
   148 | D:1      | Reached XP level 3. HP: 23/23 MP: 3/3
  1161 | D:2      | Noticed Sigmund
  1173 | D:2      | Killed Sigmund
  1173 | D:2      | Reached skill level 1 in Dodging
  1173 | D:2      | Reached XP level 4. HP: 19/29 MP: 4/4
  1173 | D:2      | Reached XP level 5. HP: 21/33 MP: 5/5
  1243 | D:2      | Found a burning altar of Makhleb.
  1283 | D:2      | Noticed Natasha
  1296 | D:2      | Reached XP level 6. HP: 38/38 MP: 6/6
  1305 | D:2      | Killed Natasha
  1565 | D:2      | Noticed Natasha
  1584 | D:2      | HP: 1/38 [Natasha (5)]
  1585 | D:2      | Slain by Natasha

Skill      XL: |  1  2  3 |
---------------+----------+-----
Fighting       | 4 |  4.2
Maces & Flails | 3 |  3.9
Armour         | 4 |  4.2
Dodging        | 1 |  1.5
Shields        | 4 |  4.2

Action                   |  1- 3 |  4- 6 || total
-------------------------+-------+-------++-------
Melee: Flail             |    56 |    18 ||    74
       Mace              |    68 |    21 ||    89
  Use: Potion            |     1 |       ||     1
  Eat: Chunk             |       |     2 ||     2
Armor: Scale mail        |    54 |    24 ||    78
Dodge: Dodged            |    37 |    15 ||    52
Block: Shield            |    69 |    27 ||    96
